 Dungeon Crawl Stone Soup version 0.29.1-1-gd02db6906a (webtiles) character file.

Game seed: 10536119421125635148

61 xian the Caller (level 3, 0/24 HPs)
             Began as a Demonspawn Summoner on Sept 27, 2022.
             Slain by a gnoll
             ... wielding a +0 spear
              (3 damage)
             ... on level 2 of the Dungeon.
             The game lasted 00:04:44 (1479 turns).

xian the Caller (Demonspawn Summoner)               Turns: 1479, Time: 00:04:45

Health: 0/24       AC:  4    Str:  8    XL:     3   Next: 83%
Magic:  4/6        EV: 12    Int: 18    God:
Gold:   64         SH:  0    Dex: 13    Spells: 4/7 levels left

rFire   . . .      SeeInvis .   c - +0 dagger
rCold   . . .      Faith    .   (no shield)
rNeg    . . .      Spirit   .   a - +0 robe
rPois   .          Reflect  .   (no helmet)
rElec   .          Harm     .   (no cloak)
rCorr   .          Rampage  .   e - +1 pair of gloves
Will    .....                   (no boots)
Stlth   ++........              (no amulet)
HPRegen 0.08/turn               (no ring)
MPRegen 0.20/turn               (no ring)

@: no status effects
A: magic regeneration, weakness stinger 1
a: no special abilities


You were on level 2 of the Dungeon.
You visited 1 branch of the dungeon, and saw 2 of its levels.

You collected 64 gold pieces.

Inventory:

Hand Weapons
 c - a +0 dagger (weapon)
Armour
 a - a +0 robe (worn)
 e - a +1 pair of gloves (worn)
Scrolls
 h - a scroll of enchant armour {unknown}
 i - 2 scrolls of identify {unknown}
Potions
 b - a potion of magic
 d - a potion of heal wounds {unknown}
 f - 2 potions of flight {unknown}
 g - a potion of brilliance {unknown}


   Skills:
 + Level 0.2 Fighting
 + Level 0.5 Short Blades
 + Level 2.1 Dodging
 + Level 1.9 Stealth
 + Level 2.6 Spellcasting
 + Level 4.7 Summonings


You had 4 spell levels left.
You knew the following spells:

 Your Spells              Type           Power      Damage    Failure   Level
a - Summon Small Mammal   Summ           76%        N/A       2%          1
b - Call Imp              Summ           19%        N/A       3%          2

Your spell library contained the following spells:

 Spells                   Type           Power      Damage    Failure   Level
 Call Canine Familiar     Summ           19%        N/A       7%          3
 Apportation              Tloc           4%         N/A       17%         1
 Necrotise                Necr           8%         1d4       17%         1
 Summon Guardian Golem    Hex/Summ       10%        N/A       19%         3
 Vampiric Draining        Necr           2%         2d6       45%         3
 Summon Lightning Spire   Summ/Air       10%        N/A       54%         4
 Agony                    Necr           2%         N/A       99%         5
 Alistair's Intoxication  Tmut/Pois      1%         N/A       99%         5


Dungeon Overview and Level Annotations

Branches:
Dungeon (2/15)

Altars:


Innate Abilities, Weirdness & Mutations

You regenerate magic rapidly.
You have a small tail.


Message History

Your bat hits the gnoll. The gnoll hits you with a +0 whip.
Your bat hits the gnoll but does no damage.
You swap places.
Your bat hits the gnoll but does no damage.
The gnoll hits you with a +0 whip.
Your bat closely misses the gnoll.
There is an open door here.
You swap places.
The gnoll hits your quokka but does no damage.
Your quokka bites the gnoll.
Your bat hits the gnoll but does no damage.
Your bat hits the gnoll but does no damage.
The gnoll hits your bat with a +0 whip.
Your bat dies!
Your bat's corpse disappears in a puff of smoke!
Your quokka barely misses the gnoll.
Your quokka bites the gnoll.
Casting: Summon Small Mammal (safe; 2% risk of failure)
Confirm with . or Enter, or press ? or * to list all spells.
A beastly little devil appears in a puff of frigid air.
Casting: Call Imp (safe; 3% risk of failure)
Confirm with . or Enter, or press ? or * to list all spells.
The gnoll hits your quokka with a +0 whip.
Your quokka dies!
Your quokka's corpse disappears in a puff of smoke!
Your quokka closely misses the gnoll.
Your white imp gestures at the gnoll.
The puff of frost hits the gnoll.
Your quokka closely misses the gnoll.
You swap places.
Your quokka bites the gnoll.
The gnoll closely misses you. The gnoll barely misses you.
You swap places.
The gnoll hits you from afar with a +0 spear.
The gnoll misses you.
Your quokka bites the gnoll.
You hit the gnoll.
The gnoll is severely wounded.
The gnoll hits you with a +0 whip!
* * * LOW HITPOINT WARNING * * *
The gnoll closely misses your quokka.
The gnoll hits you from afar with a +0 spear.
You die...

######### #...g....
#####'#######
#........########.#
#...>....'........#
#..gg....##.#####.#
#..r.....##.# ..#.#
#..g@..^.##.#
##...#
#...5....##.# .....
#........##.# #...
###########'###
#... #.........#
#...
#.........####...
#.........#......
#########.#.#....
#.........###.#


You could see 3 gnolls, a friendly white imp (summoned) and a friendly quokka
(summoned).

Vanquished Creatures
  2 dart slugs (D:1)
  A bat (D:1)
  An endoplasm (D:1)
  2 giant cockroaches (D:1)
  A frilled lizard (D:2)
7 creatures vanquished.

Vanquished Creatures (collateral kills)
  2 adders (D:2)
  2 bats
  3 endoplasms
  3 giant cockroaches (D:1)
  2 hobgoblins
  3 jackals (D:1)
  4 ball pythons (D:1)
  5 frilled lizards
  3 goblins (D:1)
  2 kobolds (D:1)
  4 rats
33 creatures vanquished.

Vanquished Creatures (others)
  4 fungi (D:2)
  3 plants (D:2)
7 creatures vanquished.

Grand Total: 47 creatures vanquished

Notes
Turn   | Place    | Note
-------+----------+-------------------------------------------
     0 | D:1      | xian the Demonspawn Summoner began the quest for the Orb.
     0 | D:1      | Reached XP level 1. HP: 13/13 MP: 3/3
    38 | D:1      | Gained mutation: You regenerate magic rapidly. [demonic
                  | ancestry]
    38 | D:1      | Reached XP level 2. HP: 5/19 MP: 1/5
   753 | D:1      | Learned a level 2 spell: Call Imp
   807 | D:1      | Gained mutation: You have a small tail. [demonic ancestry]
   807 | D:1      | Reached XP level 3. HP: 23/24 MP: 6/6
  1301 | D:2      | Found a faded altar of an unknown god.
  1479 | D:2      | Slain by a gnoll

Illustrated notes

Levels and vault maps discovered:
D:1:      amcnicky_arrival_double_pillar, layout_rooms,
          chequers_hall_statues_wall_a
D:2:      layout_basic, shapermc_ecumenical_altar_mp_urbaneastern

Skill      XL: |  1  2 |
---------------+-------+-----
Dodging        | 2 |  2.1
Fighting       | |  0.2
Short Blades   | |  0.5
Stealth        | |  1.9
Spellcasting   | |  2.6
Summonings     | |  4.7

Action                   || total
-------------------------++-------
Melee: Dagger            ||    60
       Punch             ||     2
       Tailslap          ||     3
 Cast: Summon Small Mamm ||    34
       Call Imp          ||     5
 Stab: Distracted        ||     2
       Sleeping          ||     1
Armor: Robe              ||    24
Dodge: Dodged            ||    71
